 Dungeon Crawl Stone Soup version 0.17-a0-1920-gafa4d75 (webtiles) character file.

694 pk666 the Magician (level 7, 0/36 HPs)
             Began as a Deep Elf Wizard on Sept 27, 2015.
             Killed by nerve-wracking pain
             ... invoked by a shadow imp
             ... summoned by Eustachio
              (12 damage)
             ... on level 6 of the Dungeon.
             The game lasted 00:21:05 (6096 turns).

pk666 the Magician (Deep Elf Wizard)                Turns: 6096, Time: 00:21:06

Health: 0/36       AC:  3    Str:  8    XL:     7   Next: 37%
Magic:  14/19      EV: 12    Int: 25    God:
Gold:   165        SH:  0    Dex: 13    Spells: 5 memorised, 9 levels left

rFire  . . .     SeeInvis .     h - +1 dagger (venom)
rCold  . . .     Clarity  .     a - +0 robe
rNeg   . . .     SustAt   .     (no shield)
rPois  +         Gourm    +     b - +0 hat
rElec  .         Spirit   .     (no cloak)
rCorr  .         Warding  .     H - +0 pair of gloves
rMut   .         Stasis   .     (no boots)
MR     .....                    o - amulet of the gourmand
Stlth  ++........               x - ring of poison resistance
                                k - +4 ring of strength

@: slowed, repel missiles, very slow, not resistant to hostile enchantments,
unstealthy
A: no striking features
a: no special abilities


You were on level 6 of the Dungeon.
You were very full.

You visited 1 branch of the dungeon, and saw 6 of its levels.

You collected 165 gold pieces.

Inventory:

Hand weapons
 h - a +1 dagger of venom (weapon)
 i - a cursed -2 dagger
Armour
 a - a +0 robe (worn)
 b - a +0 hat (worn)
 H - a +0 pair of gloves (worn)
Jewellery
 k - a +4 ring of strength (left hand)
 o - an amulet of the gourmand (around neck)
 x - a ring of poison resistance (right hand)
 K - a +4 ring of strength
Magical devices
 D - a wand of teleportation (6)
 F - a wand of slowing (25)
 I - a wand of draining (10)
Scrolls
 e - 10 scrolls of identify {unknown}
 g - 3 scrolls of blinking {unknown}
 j - 2 scrolls of remove curse {unknown}
 l - 6 scrolls of recharging {unknown}
 v - 4 scrolls of amnesia {unknown}
 y - 2 scrolls of enchant armour {unknown}
 A - 3 scrolls of noise {unknown}
Potions
 n - 2 potions of lignification {unknown}
 p - 2 potions of agility {unknown}
 q - a potion of curing {unknown}
 r - 2 potions of degeneration {unknown}
 u - a potion of mutation {unknown}
 z - a potion of resistance {unknown}
 B - a potion of beneficial mutation {unknown}
 C - a potion of heal wounds {unknown}
 G - a potion of might {unknown}
 J - a potion of invisibility {unknown}
Books
 c - a book of Minor Magic

   Spells                             Type                      Level
   a - Magic Dart                     Conjuration                  1
   b - Blink                          Translocation                2
   c - Call Imp                       Summoning                    2
   d - Repel Missiles                 Charms/Air                   2
   e - Slow                           Hexes                        2
   f - Conjure Flame                  Conjuration/Fire             3
   g - Mephitic Cloud                 Conjuration/Poison/Air       3
 s - a book of the Tempests

   Spells                             Type                      Level
   a - Static Discharge               Conjuration/Air              3
   b - Lightning Bolt                 Conjuration/Air              5
   c - Fireball                       Conjuration/Fire             5
   d - Tornado                        Air                          9
   e - Shatter                        Earth                        9
Comestibles
 d - 5 bread rations
 f - a beef jerky
 m - a meat ration
 t - 3 slices of pizza
 w - 4 fruits
 E - a royal jelly


   Skills:
 - Level 2.4 Dodging
 - Level 2.4 Stealth
 + Level 7.0 Spellcasting
 + Level 4.9 Conjurations
   Level 1.1 Summonings
 - Level 1.1 Translocations
 + Level 2.0 Fire Magic
 - Level 3.4 Air Magic
 - Level 3.1 Poison Magic


You had 9 spell levels left.
You knew the following spells:

 Your Spells              Type           Power        Failure   Level  Hunger
d - Conjure Flame         Conj/Fire      ####....     6%          3    None
q - Blink                 Tloc           N/A          10%         2    None
w - Repel Missiles        Chrm/Air       ###...       8%          2    None
x - Mephitic Cloud        Conj/Pois/Air  ####....     4%          3    None
z - Magic Dart            Conj           ####         1%          1    None


Dungeon Overview and Level Annotations

Branches:
Dungeon (6/15)
 Temple: D:4-7

Altars:
Dithmenos
Fedhas
Kikubaaqudgha
Qazlal
Ru
Trog
Vehumet

Annotations:
D:6 Eustachio, Prince Ribbit


Message History

You barely miss Eustachio.
Eustachio is heavily wounded.
The shadow imp gestures at you. Pain shoots through your body!
The crimson imp barely misses you.
Eustachio is engulfed in noxious fumes.
Eustachio appears confused.
The kobold shoots a curare-tipped needle.
The curare-tipped needle hits you.
You have difficulty breathing.
You feel yourself slow down. The crimson imp closely misses you.
You see here a curare-tipped needle.
The kobold shoots a curare-tipped needle.
The curare-tipped needle is repelled.
The crimson imp closely misses you.
There is an open door here.
The crimson imp blinks!
The shadow imp summons a swarm of flies.
You see here a curare-tipped needle.
There's a creature in the doorway!
The crimson imp disappears in a puff of smoke!
The shadow imp gestures at you. Pain shoots through your body!
You die...

#..# ########.###
.[
##..........#...
#....§........#
###'###..(.....##
#.....#.......##
#.♣.♣.#.......#
+.._.(5K.K....#
#.♣.♣@######.....
#....)# ###..
######'#######.
...
.......§<.......
..
################


You could see a shadow imp and 2 kobolds.

Vanquished Creatures
  A centaur (D:5)
  2 crimson imps (D:5)
  A giant frog zombie (D:5)
  3 hounds
  2 orc priests (D:3)
  An iguana (D:4)
  6 worker ants
  7 adders
  7 gnolls (D:4)
  An ooze (D:1)
  An adder zombie (D:5)
  11 orcs
  9 giant cockroaches
  9 goblins
  7 hobgoblins
  4 jackals
  6 kobolds
  A ball python (D:2)
  5 bats
  3 giant geckos
  A giant gecko skeleton (D:4)
  4 giant newts
  A quokka (D:3)
  3 rats
96 creatures vanquished.

Notes
Turn   | Place    | Note
--------------------------------------------------------------
     0 | D:1      | pk666 the Deep Elf Wizard began the quest for the Orb.
     0 | D:1      | Reached XP level 1. HP: 10/10 MP: 7/7
   335 | D:1      | Reached XP level 2. HP: 15/15 MP: 6/9
   930 | D:1      | You fall through a shaft!
  1271 | D:2      | Reached skill level 5 in Spellcasting
  1271 | D:2      | Reached XP level 3. HP: 8/19 MP: 1/11
  1654 | D:2      | Learned a level 2 spell: Blink
  1657 | D:2      | Learned a level 2 spell: Repel Missiles
  1661 | D:2      | Learned a level 3 spell: Conjure Flame
  1665 | D:2      | Learned a level 3 spell: Mephitic Cloud
  1985 | D:2      | Reached skill level 1 in Poison Magic
  2140 | D:2      | Reached skill level 1 in Air Magic
  2140 | D:2      | Reached XP level 4. HP: 24/24 MP: 4/13
  2348 | D:2      | Found an ancient bone altar of Kikubaaqudgha.
  3025 | D:3      | Reached XP level 5. HP: 28/28 MP: 6/15
  3213 | D:3      | Found a stormy altar of Qazlal.
  3242 | D:3      | Reached skill level 6 in Spellcasting
  3639 | D:3      | Found a blossoming altar of Fedhas.
  4025 | D:4      | Reached XP level 6. HP: 32/32 MP: 13/17
  4411 | D:4      | Found a radiant altar of Vehumet.
  4908 | D:5      | Entered Level 5 of the Dungeon
  4954 | D:5      | Found a sacrificial altar of Ru.
  5056 | D:5      | Reached XP level 7. HP: 21/36 MP: 15/19
  5187 | D:5      | Reached skill level 1 in Fire Magic
  5310 | D:5      | Found a shadowy altar of Dithmenos.
  5846 | D:5      | Reached skill level 7 in Spellcasting
  6028 | D:6      | Found a bloodstained altar of Trog.
  6047 | D:6      | Noticed Eustachio
  6052 | D:6      | Noticed Prince Ribbit
  6096 | D:6      | Killed from afar by a shadow imp

Vault maps used:
D:1:      dpeg_arrival_boxes_within_box, columned_hall_lemuel,
          minmay_misc_feat_room, serial_bayou_crossing
D:2:      lemuel_round_altar, first_bread
D:3:      lemuel_doored_altar, fedhas_altar_4
D:4:      kennysheep_mini, minmay_misc_feat_pillars
D:5:      overflow_temple_1_default, kennysheep_mini_moat
D:6:      nemelex_xobeh_ov_fountains_minmay, kennysheep_little_box,
          uniq_eustachio, uniq_menkaure, uniq_grinder, uniq_prince_ribbit1

Action                   |  1- 3 |  4- 6 |  7- 9 || total
-------------------------+-------+-------+-------++-------
Melee: Dagger            |     1 |    31 |    11 ||    43
 Cast: Magic Dart        |    83 |    98 |    42 ||   223
       Conjure Flame     |     2 |     7 |     3 ||    12
       Blink             |     2 |     1 |       ||     3
       Repel Missiles    |     1 |       |       ||     1
       Mephitic Cloud    |       |     8 |     3 ||    11
 Stab: Confused          |       |     3 |       ||     3
  Eat: Chunk             |     5 |    23 |     3 ||    31
